AoeStats
← BP_

Arena

510898655Analyzed
2v2 RM · 16h ago on Oct 3, 2026· 20m 57s· 4 players
Game mode
Random Map
Map size
Medium (4 player)
Population
200
Speed
Normal
Resources
Standard
Victory
Conquest
Starting age
Dark Age
Ending age
Imperial Age
RankedLock teamsTeams togetherTeam positionsShared explorationLock speedFull tech treeHidden civsTurbo modeCheats
Victory
Defeat
🇺🇸 Celts · United States
1105
+15
🇧🇷 Goths · Brazil
1096
+15
🇺🇸 Varangians · United States
1138
-17
🇨🇳 Bohemians · China
1029
-13
打虎将李忠
5:36 Loom
11:26 Feudal Age
15:24 Castle Age
15:45 Double-Bit Axe
15:42 Horse Collar
矮脚虎王英
11:35 Feudal Age
15:40 Castle Age
13:54 Double-Bit Axe
14:42 Horse Collar
17:00 Bow Saw
18:09 Loom
Sgt. Shaftoe
10:49 Feudal Age
14:57 Castle Age
13:08 Double-Bit Axe
15:01 Gold Mining
16:08 Bow Saw
16:51 Man-at-Arms
17:21 Gambesons
BP_
11:22 Feudal Age
13:35 Forging
13:25 Scale Mail Armor
15:30 Castle Age
13:28 Double-Bit Axe
14:16 Loom
15:03 Forging
14:55 Scale Mail Armor
15:01 Man-at-Arms
15:39 Long Swordsman
Connection lost

Rejoining the realm…

Still unreachable

The connection could not be restored.

Session expired

The server has moved on; the page needs a fresh start.